TOP OF THE 1ST |
Louisville Bats batting - Pitching for Utica Unicorns : RHP Ken Rogers
|
Pitching: RHP Ken Rogers
|
|
Batting: RHB John Denton
|
0-0: Foul Ball, location: 2F 0-1: Swinging Strike 0-2: Strikes out looking
|
Batting: LHB Mike Callahan
|
0-0: Ball 1-0: Called Strike 1-1: Fly out, F3 (Line Drive, 3S)
|
Batting: LHB Eduardo Gómez
|
0-0: SINGLE (Flyball, 9S)
|
Batting: RHB Zhong Shui
|
0-0: Ball 1-0: Ball 2-0: Ball 3-0: SINGLE (Flyball, 78S) Eduardo Gómez to second
|
Batting: LHB Richard Olvera
|
0-0: Foul Ball, location: 2F 0-1: 3-RUN HOME RUN (Flyball, 9D), Distance : 366 ft
|
Batting: RHB Roberto Zamora
|
0-0: Ball 1-0: Ground out 5-3 (Groundball, 56)
|
Top of the 1st over - 3 runs, 3 hits, 0 errors, 0 left on base; Louisville 3 - Utica 0 |
BOTTOM OF THE 1ST |
Utica Unicorns batting - Pitching for Louisville Bats : RHP Clint John
|
Pitching: RHP Clint John
|
|
Batting: RHB John Jones
|
0-0: Called Strike 0-1: Foul Ball, location: 2F 0-2: Strikes out looking
|
Batting: LHB Raúl Morales
|
0-0: Ball 1-0: Ball 2-0: Called Strike 2-1: Swinging Strike 2-2: Ball 3-2: Foul Ball, location: 2F 3-2: Strikes out swinging, 2-3 out at first.
|
Batting: LHB Dave Reynolds
|
0-0: Called Strike 0-1: Fly out, F8 (Flyball, 8RXD)
|
Bottom of the 1st over - 0 runs, 0 hits, 0 errors, 0 left on base; Louisville 3 - Utica 0 |
TOP OF THE 2ND |
Louisville Bats batting - Pitching for Utica Unicorns : RHP Ken Rogers
|
Batting: LHB Héctor Rentería
|
0-0: Foul Ball, location: 2F 0-1: Ball 1-1: Ball 2-1: Ground out U3 (Groundball, 3)
|
Batting: RHB Shawn Marshall
|
0-0: Called Strike 0-1: Ball 1-1: Swinging Strike 1-2: Strikes out swinging
|
Batting: LHB Don Soper
|
0-0: Ball 1-0: Ball 2-0: Foul Ball, location: 2F 2-1: Ball 3-1: Base on Balls
|
Batting: RHB John Denton
|
0-0: Called Strike 0-1: Ground out 3-1 (Groundball, 34S)
|
Top of the 2nd over - 0 runs, 0 hits, 0 errors, 1 left on base; Louisville 3 - Utica 0 |
BOTTOM OF THE 2ND |
Utica Unicorns batting - Pitching for Louisville Bats : RHP Clint John
|
Batting: LHB José Román
|
0-0: Ball 1-0: Swinging Strike 1-1: Ground out 4-3 (Groundball, 4)
|
Batting: RHB Kenny Cole
|
0-0: Called Strike 0-1: Ball 1-1: Called Strike 1-2: SINGLE (Groundball, 34D)
|
Batting: SHB Ralph Robison
|
0-0: Ball 1-0: Ball 2-0: Foul Ball, location: 2F 2-1: Foul Ball, location: 2F 2-2: Foul Ball, location: 2F 2-2: Grounds into double play, 1-6-3 (Groundball, P)
|
Bottom of the 2nd over - 0 runs, 1 hit, 0 errors, 0 left on base; Louisville 3 - Utica 0 |
TOP OF THE 3RD |
Louisville Bats batting - Pitching for Utica Unicorns : RHP Ken Rogers
|
Batting: LHB Mike Callahan
|
0-0: Foul Ball, location: 2F 0-1: Foul Ball, location: 2F 0-2: Foul Ball, location: 2F 0-2: Ball 1-2: Foul Ball, location: 2F 1-2: Ball 2-2: Foul Ball, location: 2F 2-2: Foul Ball, location: 2F 2-2: Ball 3-2: Base on Balls
|
Batting: LHB Eduardo Gómez
|
0-0: Ball 1-0: SINGLE (Groundball, 34D) Mike Callahan to second Runner from 2nd tries for 3rd, SAFE, no throw
|
Batting: RHB Zhong Shui
|
0-0: Called Strike 0-1: Ball 1-1: Foul Ball, location: 2F 1-2: Foul Ball, location: 2F 1-2: Ball 2-2: SINGLE (Line Drive, 8LS) Mike Callahan scores Eduardo Gómez to second
|
Batting: LHB Richard Olvera
|
0-0: Ball 1-0: Foul Ball, location: 2F 1-1: Ball 2-1: Fly out, F3 (Line Drive, 34S)
|
Batting: RHB Roberto Zamora
|
0-0: Called Strike 0-1: Foul Ball, location: 2F 0-2: Ball 1-2: Ball 2-2: Foul Ball, location: 2F 2-2: Strikes out looking
|
Batting: LHB Héctor Rentería
|
0-0: Called Strike 0-1: Foul Ball, location: 2F 0-2: Ball 1-2: Strikes out swinging
|
Top of the 3rd over - 1 run, 2 hits, 0 errors, 2 left on base; Louisville 4 - Utica 0 |
BOTTOM OF THE 3RD |
Utica Unicorns batting - Pitching for Louisville Bats : RHP Clint John
|
Batting: RHB Micheal Banks
|
0-0: Ball 1-0: Fly out, F8 (Flyball, 8LXD)
|
Batting: RHB Juan Caceres
|
0-0: Ball 1-0: Swinging Strike 1-1: Called Strike 1-2: Strikes out swinging
|
Batting: RHB Marcos Castillo
|
0-0: Swinging Strike 0-1: Called Strike 0-2: Foul Ball, location: 2F 0-2: Ball 1-2: Ball 2-2: SINGLE (Flyball, 78S)
|
Batting: RHB John Jones
|
0-0: Ball 1-0: Ball 2-0: Ball Marcos Castillo steals 2nd base 3-0: Called Strike 3-1: DOUBLE (Line Drive, 7LM) Marcos Castillo scores
|
Batting: LHB Raúl Morales
|
0-0: Called Strike 0-1: Ball 1-1: Called Strike 1-2: Ball 2-2: Fly out, F4 (Line Drive, 4)
|
Bottom of the 3rd over - 1 run, 2 hits, 0 errors, 1 left on base; Louisville 4 - Utica 1 |
TOP OF THE 4TH |
Louisville Bats batting - Pitching for Utica Unicorns : RHP Ken Rogers
|
Batting: RHB Shawn Marshall
|
0-0: Called Strike 0-1: Foul Ball, location: 2F 0-2: SINGLE (Flyball, 89S)
|
Batting: LHB Don Soper
|
0-0: Called Strike 0-1: Ball 1-1: Foul Ball, location: 2F 1-2: Ball 2-2: Foul Ball, location: 2F 2-2: Ball 3-2: Strikes out looking Shawn Marshall steals 2nd base Batter strikes out.
|
Batting: RHB John Denton
|
0-0: Ball 1-0: Ground out 5-3 (Groundball, 5S) Shawn Marshall to third
|
Batting: LHB Mike Callahan
|
0-0: Foul Ball, location: 2F 0-1: SINGLE (Line Drive, 4D) Shawn Marshall scores
|
Batting: LHB Eduardo Gómez
|
0-0: Ball 1-0: Ball 2-0: Foul Ball, location: 2F 2-1: Ball 3-1: Called Strike 3-2: Strikes out swinging
|
Top of the 4th over - 1 run, 2 hits, 0 errors, 1 left on base; Louisville 5 - Utica 1 |
BOTTOM OF THE 4TH |
Utica Unicorns batting - Pitching for Louisville Bats : RHP Clint John
|
Batting: LHB Dave Reynolds
|
0-0: Fly out, F6 (Line Drive, 6)
|
Batting: LHB José Román
|
0-0: Ball 1-0: Ball 2-0: Foul Ball, location: 2F 2-1: Fly out, F7 (Flyball, 78M)
|
Batting: RHB Kenny Cole
|
0-0: Ball 1-0: Called Strike 1-1: Called Strike 1-2: Foul Ball, location: 2F 1-2: Ball 2-2: Ball 3-2: Base on Balls
|
Batting: SHB Ralph Robison
|
0-0: Called Strike 0-1: Fly out, F5 (Line Drive, 56)
|
Bottom of the 4th over - 0 runs, 0 hits, 0 errors, 1 left on base; Louisville 5 - Utica 1 |
TOP OF THE 5TH |
Louisville Bats batting - Pitching for Utica Unicorns : RHP Ken Rogers
|
Batting: RHB Zhong Shui
|
0-0: Ball 1-0: Fly out, F7 (Flyball, 78S)
|
Batting: LHB Richard Olvera
|
0-0: Ball 1-0: SINGLE (Flyball, 78S)
|
Batting: RHB Roberto Zamora
|
0-0: Ball 1-0: Called Strike 1-1: Foul Ball, location: 2F Pickoff Throw to First - Error! E1 Richard Olvera to second 1-2: Ball 2-2: Ball 3-2: Ground out 5-3 (Groundball, 56)
|
Batting: LHB Héctor Rentería
|
0-0: Ball 1-0: Swinging Strike 1-1: Ball 2-1: Ball 3-1: 2-RUN HOME RUN (Flyball, 9LD), Distance : 363 ft
|
Batting: RHB Shawn Marshall
|
0-0: Called Strike 0-1: Ball 1-1: Called Strike 1-2: Foul Ball, location: 2F 1-2: Ball 2-2: Foul Ball, location: 2F 2-2: Ground out U3 (Groundball, 3)
|
Top of the 5th over - 2 runs, 2 hits, 1 error, 0 left on base; Louisville 7 - Utica 1 |
BOTTOM OF THE 5TH |
Utica Unicorns batting - Pitching for Louisville Bats : RHP Clint John
|
Batting: RHB Micheal Banks
|
0-0: Foul Ball, location: 2F 0-1: Ball 1-1: Ball 2-1: Fly out, F8 (Line Drive, 8LM)
|
Batting: RHB Juan Caceres
|
0-0: Called Strike 0-1: Ball 1-1: Called Strike 1-2: Ball 2-2: Strikes out looking
|
Batting: RHB Marcos Castillo
|
0-0: Ball 1-0: Called Strike 1-1: Ground out U3 (Groundball, 3)
|
Bottom of the 5th over - 0 runs, 0 hits, 0 errors, 0 left on base; Louisville 7 - Utica 1 |
TOP OF THE 6TH |
Louisville Bats batting - Pitching for Utica Unicorns : RHP Ken Rogers
|
Pitching: LHP Pancho Guerrero
|
|
Batting: LHB Don Soper
|
0-0: Ball 1-0: Ball 2-0: Fly out, F6 (Popup, 6M)
|
Batting: RHB John Denton
|
0-0: Swinging Strike 0-1: Swinging Strike 0-2: Strikes out swinging
|
Batting: LHB Mike Callahan
|
0-0: Called Strike 0-1: Swinging Strike 0-2: Strikes out swinging
|
Top of the 6th over - 0 runs, 0 hits, 0 errors, 0 left on base; Louisville 7 - Utica 1 |
BOTTOM OF THE 6TH |
Utica Unicorns batting - Pitching for Louisville Bats : RHP Clint John
|
Batting: RHB John Jones
|
0-0: Foul Ball, location: 2F 0-1: Called Strike 0-2: Strikes out swinging
|
Batting: LHB Raúl Morales
|
0-0: Ball 1-0: Ball 2-0: Ball 3-0: Fly out, F7 (Flyball, 7S)
|
Batting: LHB Dave Reynolds
|
0-0: Called Strike 0-1: Ball 1-1: Ball 2-1: Foul Ball, location: 2F 2-2: Strikes out swinging
|
Bottom of the 6th over - 0 runs, 0 hits, 0 errors, 0 left on base; Louisville 7 - Utica 1 |
TOP OF THE 7TH |
Louisville Bats batting - Pitching for Utica Unicorns : LHP Pancho Guerrero
|
Batting: LHB Eduardo Gómez
|
0-0: Ball 1-0: Ball 2-0: Ground out 4-3 (Groundball, 4)
|
Batting: RHB Zhong Shui
|
0-0: Ball 1-0: Ball 2-0: Called Strike 2-1: Swinging Strike 2-2: Foul Ball, location: 2F 2-2: Ball 3-2: Ground out 6-3 (Groundball, 6)
|
Batting: LHB Richard Olvera
|
0-0: Ball 1-0: Ball 2-0: Ball 3-0: Called Strike 3-1: Foul Ball, location: 2F 3-2: Strikes out swinging
|
Top of the 7th over - 0 runs, 0 hits, 0 errors, 0 left on base; Louisville 7 - Utica 1 |
BOTTOM OF THE 7TH |
Utica Unicorns batting - Pitching for Louisville Bats : RHP Clint John
|
Batting: LHB José Román
|
0-0: Called Strike 0-1: Called Strike 0-2: Ball 1-2: Ground out 6-3 (Groundball, 6)
|
Batting: RHB Kenny Cole
|
0-0: SINGLE (Groundball, 56) (infield hit)
|
Batting: SHB Ralph Robison
|
0-0: Ball 1-0: Fly out, F7 (Flyball, 7)
|
Batting: RHB Micheal Banks
|
0-0: Ball 1-0: SINGLE (Groundball, 56D) Kenny Cole to second
|
Batting: RHB Juan Caceres
|
0-0: Ball 1-0: Ball Wild Pitch! Kenny Cole to third Micheal Banks to second 2-0: Called Strike 2-1: Foul Ball, location: 2F 2-2: Ground out 5-3 (Groundball, 56)
|
Bottom of the 7th over - 0 runs, 2 hits, 0 errors, 2 left on base; Louisville 7 - Utica 1 |
TOP OF THE 8TH |
Louisville Bats batting - Pitching for Utica Unicorns : LHP Pancho Guerrero
|
Batting: RHB Roberto Zamora
|
0-0: Swinging Strike 0-1: Called Strike 0-2: Foul Ball, location: 2F 0-2: Ball 1-2: Strikes out swinging
|
Batting: LHB Héctor Rentería
|
0-0: Called Strike 0-1: Called Strike 0-2: Strikes out looking
|
Batting: RHB Shawn Marshall
|
0-0: Ground out 6-3 (Groundball, 6)
|
Top of the 8th over - 0 runs, 0 hits, 0 errors, 0 left on base; Louisville 7 - Utica 1 |
BOTTOM OF THE 8TH |
Utica Unicorns batting - Pitching for Louisville Bats : RHP Clint John
|
Pitching: LHP José Bamuelos
|
|
Batting: RHB Marcos Castillo
|
0-0: Called Strike 0-1: Ball 1-1: Ball 2-1: Ball 3-1: Foul Ball, location: 2F 3-2: SOLO HOME RUN (Line Drive, 7LD), Distance : 340 ft
|
Batting: RHB John Jones
|
0-0: Ground out 5-3 (Groundball, 5S)
|
Batting: LHB Raúl Morales
|
0-0: Called Strike 0-1: Foul Ball, location: 2F 0-2: Ball 1-2: Ball 2-2: Strikes out swinging
|
Batting: LHB Dave Reynolds
|
0-0: Ball 1-0: SOLO HOME RUN (Line Drive, 9D), Distance : 371 ft
|
Pitching: RHP John Thompson
|
|
Batting: LHB José Román
|
0-0: Ball 1-0: Foul Ball, location: 2F 1-1: Ground out 4-3 (Groundball, 34)
|
Bottom of the 8th over - 2 runs, 2 hits, 0 errors, 0 left on base; Louisville 7 - Utica 3 |
TOP OF THE 9TH |
Louisville Bats batting - Pitching for Utica Unicorns : LHP Pancho Guerrero
|
Pitching: RHP Paul Turberville
|
|
Batting: LHB Don Soper
|
0-0: Fly out, F7 (Flyball, 7S)
|
Batting: RHB John Denton
|
0-0: Ball 1-0: Called Strike 1-1: Ball 2-1: Swinging Strike 2-2: Ball 3-2: Base on Balls
|
Batting: LHB Mike Callahan
|
0-0: Ball 1-0: Ground out 6-3 (Groundball, 6S) John Denton to second
|
Batting: LHB Eduardo Gómez
|
0-0: Ball 1-0: Ball 2-0: Ball 3-0: Base on Balls
|
Batting: RHB Zhong Shui
|
0-0: Ball 1-0: Foul Ball, location: 2F 1-1: Swinging Strike 1-2: Ball 2-2: SINGLE (Line Drive, 7LS) John Denton to third Eduardo Gómez to second Runner from 3rd tries for Home, SAFE, throw made home
|
Batting: LHB Richard Olvera
|
0-0: Ball 1-0: Called Strike 1-1: Foul Ball, location: 2F 1-2: Foul Ball, location: 2F 1-2: Ball 2-2: SINGLE (Groundball, 6D) Eduardo Gómez to third Zhong Shui to second Runner from 3rd tries for Home, SAFE, no throw
|
Batting: RHB Roberto Zamora
|
0-0: Ball 1-0: Fly out, F6 (Popup, 6)
|
Top of the 9th over - 2 runs, 2 hits, 0 errors, 2 left on base; Louisville 9 - Utica 3 |
BOTTOM OF THE 9TH |
Utica Unicorns batting - Pitching for Louisville Bats : RHP John Thompson
|
Now at C: John Horton
|
|
Now in CF: Jesús Núñez
|
|
Batting: RHB Kenny Cole
|
0-0: Ball 1-0: Called Strike 1-1: Ball 2-1: Called Strike 2-2: Strikes out swinging
|
Batting: SHB Ralph Robison
|
0-0: Called Strike 0-1: Ball 1-1: Called Strike 1-2: Ball 2-2: Ground out 4-3 (Groundball, 4)
|
Batting: RHB Micheal Banks
|
0-0: Called Strike 0-1: Ball 1-1: Ground out 6-3 (Groundball, 6)
|
Bottom of the 9th over - 0 runs, 0 hits, 0 errors, 0 left on base; Louisville 9 - Utica 3 |
|